 Dungeon Crawl Stone Soup version 0.30-a0-576-g89cddaab80 (webtiles) character file.

Game seed: 15421051193165206479

96 billz999 the Magician (level 4, 0/31 HPs)
             Began as a Djinni Ice Elementalist on Dec 30, 2022.
             Slain by an orc priest
             ... wielding a +0 mace
              (4 damage)
             ... on level 3 of the Dungeon.
             The game lasted 00:04:07 (1709 turns).

billz999 the Magician (Djinni Ice Elementalist)     Turns: 1709, Time: 00:04:08

Health: 0/31       AC:  2    Str:  7    XL:     4   Next: 98%
Gold:   71         EV: 12    Int: 18    God:
                   SH:  5    Dex: 14

rFire   + + +      SeeInvis .    j - +6 rapier "Zoriuc" {freeze, rF+}
rCold   x . .      Faith    .    (no shield)
rNeg    . . .      Spirit   .    a - +0 robe
rPois   ∞          Reflect  +    (no helmet)
rElec   .          Harm     .    (no cloak)
rCorr   .          Rampage  .    (no gloves)
Will    .....                    (boots unavailable)
Stlth   ++                       k - amulet of reflection
HPRegen 0.25/turn                (no ring)
MPRegen 0.00/turn                (no ring)

@: freezing walls, flying
A: sickness immunity, fire resistance 2, cold vulnerability 1, float, innate
caster, HP casting, extra vitality 1
a: no special abilities


You were on level 3 of the Dungeon.
You visited 1 branch of the dungeon, and saw 3 of its levels.

You collected 71 gold pieces.

Inventory:

Hand Weapons
 d - a +0 dagger
 j - the +6 rapier "Zoriuc" (weapon) {freeze, rF+}
   (You found it on level 2 of the Dungeon)

   It freezes those it strikes, dealing additional cold damage.
   It can also slow down cold-blooded creatures.
   rF:        It protects you from fire.
Armour
 a - a +0 robe (worn)
Jewellery
 k - an amulet of reflection (around neck)
 n - an amulet of reflection
 v - a ring of fire
Scrolls
 e - a scroll of teleportation
 f - a scroll of fog
 h - a scroll of vulnerability {unknown}
 i - a scroll of poison
 l - a scroll of brand weapon {unknown}
 m - a scroll of immolation {unknown}
 q - a scroll of noise {unknown}
 r - a scroll of torment {unknown}
 t - a scroll of fear {unknown}
 u - a scroll of identify {unknown}
Potions
 b - a potion of magic
 c - a potion of mutation {unknown}
 g - a potion of degeneration {unknown}
 o - a potion of flight {unknown}
 p - 2 potions of brilliance {unknown}
 s - a potion of curing {unknown}


   Skills:
 + Level 2.1 Short Blades
 - Level 2.5 Dodging
 - Level 1.9 Stealth
 - Level 4.0 Spellcasting


You couldn't memorise any spells.
You knew the following spells:

 Your Spells              Type           Power      Damage    Failure   Level
a - Freeze                Ice            72%        1d8       2%          1
b - Frozen Ramparts       Ice            36%        1d6       9%          3
c - Ozocubu's Armour      Ice            18%        N/A       9%          3
d - Summon Ice Beast      Ice/Summ       18%        N/A       28%         4
e - Sting                 Tmut/Pois      72%        1d6       2%          1
Your spell library was empty.

Dungeon Overview and Level Annotations

Branches:
Dungeon (3/15)

Altars:


Innate Abilities, Weirdness & Mutations

You are immune to sickness and miasma.
You are immune to poison.
Your flesh is very heat resistant. (rF++)
You are vulnerable to cold. (rC-)
You float through the air rather than walking.
You learn spells naturally, not from books.
Your magical power is your life essence.
You have superior vitality. (+4 MHP)


Message History

The orc is heavily wounded.
The wall freezes the orc but does no damage.
You block the orc's attack.
You hit the orc. You freeze the orc.
You kill the orc!
The wall freezes the orc but does no damage.
You aren't carrying any items that you can evoke.
Unknown command.
You hit the orc. You freeze the orc.
The orc is severely wounded.
The wall freezes the orc.
You kill the orc!
Your frozen ramparts will break if you move.
Continue?
The frozen ramparts melt away as you move.
The orc priest hits you with a +0 mace.
Items here: ))) [[ ††.
You barely miss the orc priest.
The orc priest casts a cantrip, but nothing happens.
An orc comes into view. It is wielding a +0 hand axe.
Casting: Frozen Ramparts (quite dangerous; 9% risk of failure)
Confirm with . or Enter, or press ? or * to list all spells.
Aiming: Freeze (safe; 2% risk of failure)
Press: ? - help, Shift-Dir - straight line, f - orc priest
Aim: an orc priest, wielding a +0 mace You freeze the orc priest!
The orc priest is heavily wounded.
The orc priest invokes the aid of Beogh against you.
Beogh smites you!
* * * LOW HITPOINT WARNING * * *
Okay, then.
Casting: Freeze (safe; 2% risk of failure)
Confirm with . or Enter, or press ? or * to list all spells.
The spell is quite dangerous to miscast (9% risk of failure)!
Continue anyway?
Casting: Frozen Ramparts (quite dangerous; 9% risk of failure)
Press: ? - help, Dir - look around, f - activate The walls around you are covered in ice.
* * * LOW HITPOINT WARNING * * *
The wall freezes the orc.
The wall freezes the orc priest.
The orc priest hits you with a +0 mace.
You die...

#..#..§§§§.....
#.###.#§§.§....
#..#..#§§§...#.
#...(...######
##.#######
####.##.....
#.......#
###.##.##.####
.).>..?..@oo..#
.###.#.###.##.#
.. #. .# # ##
.. .. ##. ###
.. ##


You could see an orc priest and an orc.

Vanquished Creatures
  2 adders (D:2)
  3 dart slugs
  3 worms
  2 orcs (D:3)
  6 endoplasms
  2 giant cockroaches (D:2)
  4 goblins
  8 hobgoblins
  4 jackals (D:2)
  8 kobolds
  2 quokkas
  5 ball pythons
  A bat (D:1)
  2 frilled lizards
  5 rats
57 creatures vanquished.

Notes
Turn   | Place    | Note
-------+----------+-------------------------------------------
     0 | D:1      | billz999 the Djinni Ice Elementalist began the quest for
                  | the Orb.
     0 | D:1      | billz999 set off with the following spells memorised:
                  | Freeze, Frozen Ramparts, Ozocubu's Armour, Summon Ice
                  | Beast.
     0 | D:1      | Reached XP level 1. HP: 15/15 MP: 0/0
    74 | D:1      | Reached XP level 2. HP: 11/21 MP: 0/0
   833 | D:1      | Reached XP level 3. HP: 25/25 MP: 0/0
   833 | D:1      | Learned a level 1 spell: Sting
  1024 | D:2      | Identified the +6 rapier "Zoriuc" {freeze, rF+}
  1048 | D:2      | Reached skill level 4 in Spellcasting
  1169 | D:2      | Reached XP level 4. HP: 31/31 MP: 0/0
  1335 | D:2      | Reached skill level 1 in Short Blades
  1709 | D:3      | Slain by an orc priest

Illustrated notes

Levels and vault maps discovered:
D:1:      scummos_arrival_star, layout_basic
D:2:      layout_rooms, minmay_circle_x
D:3:      layout_loops_cross, ashenzari_conservatory_becter, item_on_display_a

Skill      XL: |  1  2  3  4 |
---------------+-------------+-----
Spellcasting   | 4 |  4.0
Short Blades   | 2 |  2.1
Dodging        | |  2.5
Stealth        | |  1.9

Action                   |  1- 3 |  4- 6 || total
-------------------------+-------+-------++-------
Melee: Dagger            |     5 |       ||     5
       Rapier            |    11 |    33 ||    44
 Cast: Freeze            |    41 |     4 ||    45
       Frozen Ramparts   |     2 |     7 ||     9
  Use: Scroll            |     2 |     1 ||     3
 Stab: Sleeping          |     1 |       ||     1
Armor: Robe              |    10 |     2 ||    12
Dodge: Dodged            |    21 |    13 ||    34
Block: Other             |     1 |     4 ||     5
       Reflection        |       |     1 ||     1

Table legend: (Time is in decaauts)
 A = Elapsed time spent in this place.
 B = Non-inter-level travel time spent in this place.
 C = Inter-level travel time spent in this place.
 D = Time resting spent in this place.
 E = Time spent auto-exploring this place.
 F = Levels seen in this place.
 G = Mean time per level.
                   A        B        C        D        E       F      G
               +--------+--------+--------+--------+--------+-----+--------+
         Total |   1713 |   1666 |     47 |      2 |   1339 |   3 |  571.0 |
       Dungeon |   1713 |   1666 |     47 |      2 |   1339 |   3 |  571.0 |
               +--------+--------+--------+--------+--------+-----+--------+

Top non-repeatable levels by time:
     D:1: 924 daAuts
     D:2: 622 daAuts
     D:3: 166 daAuts
